Cogmind - Beta 10.1 @@@ ROGUE MODE // 2020.09.27 @ 21:48:12 // Halloween2019/Abominations Player: HOTSOUP Result: Core destroyed Performance ------------- Evolutions (1) 500 Regions Visited (2) 400 Robots Destroyed (5) 25 Value Destroyed (270) 270 Prototype IDs (0) 0 Alien Tech Used (0) 0 Bonus (200) 200 TOTAL SCORE: 1395 Bonus ------- Pacifist 200 Cogmind --------- Core Integrity 0/400 Matter 128/300 Energy 100/100 System Corruption 4% Temperature Cool (0) Movement Core (50) Location -9/Materials Parts ------- > --- POWER (1) -------- (None) > --- PROPULSION (2) --- (None) > --- UTILITY (4) ------ Signal Interpreter Targeting Computer > --- WEAPON (2) ------- (None) > --- INVENTORY (4) ---- Utility Shielding Peak State ------------ > --- POWER ------------ (None) > --- PROPULSION ------- (None) > --- UTILITY ---------- Visual Processing Unit Signal Interpreter Targeting Computer Utility Shielding > --- WEAPON ----------- Grenade Launcher > --- INVENTORY -------- (None) [Rating: 6] Favorites ----------- Power None Propulsion None Utility Targeting Computer Processor Targeting Computer Protection Utility Shielding Weapon Grenade Launcher Launcher Grenade Launcher Build | -11 -10 -9 ------- Run | Scr Mat Mat Slots Evolved 2 | . . 2 Power . | . . . Propulsion . | . . . Utility 2 | . . 2 Weapon . | . . . Parts Attached 8 | . 1 7 Power . | . . . Engine . | . . . Core . | . . . Reactor . | . . . Propulsion . | . . . Treads . | . . . Leg . | . . . Wheel . | . . . Hover . | . . . Flight . | . . . Utility 6 | . 1 5 Device . | . . . Storage . | . . . Processor 5 | . 1 4 Hackware . | . . . Protection 1 | . . 1 Artifact . | . . . Weapon 2 | . . 2 Energy Gun . | . . . Energy Cannon . | . . . Ballistic Gun . | . . . Ballistic Cannon . | . . . Launcher 2 | . . 2 Special Weapon . | . . . Impact Weapon . | . . . Slashing Weapon . | . . . Piercing Weapon . | . . . Special Melee Weapon . | . . . Unidentified Prototypes . | . . . Parts Lost 4 | . . 4 Power . | . . . Propulsion . | . . . Utility 2 | . . 2 Weapon 2 | . . 2 Highest Loss Streak 4 | . . 4 Average Slot Usage (%) 28 | . 7 38 Processor 23 | . 7 31 Protection 1 | . . 2 Launcher 3 | . . 5 Naked Turns 34 | . 34 . Heaviest Build 3 | . . 3 Greatest Support 3 | 3 3 3 Greatest Overweight (x) . | . . . Average Overweight (x) . | . . . Largest Inventory Capacity 4 | 4 4 4 Average Capacity 4 | 4 4 4 Most Carried 1 | . . 1 Average Carried . | . . . Final Capacity 4 | 4 4 4 Final Carried 1 | . . 1 Class Distribution -------------------- 100% | Mutant Dominant Class ---------------- Mutant | -10/Materials Mutant | -9/Materials Resources | -11 -10 -9 ----------- Run | Scr Mat Mat Matter Collected 224 | 200 6 18 Remotely . | . . . Salvage Created 44 | . . 44 Parts 2 | . . 2 Haulers Intercepted . | . . . Recyclers Shooed . | . . . Parts Field Recycled . | . . . Retrieved Matter . | . . . Parts Self-Destructed . | . . . Prevented . | . . . Kills | -11 -10 -9 ------- Run | Scr Mat Mat Combat Hostiles Destroyed 4 | . . 4 AOE 4 | . . 4 Classes Destroyed 2 | . . 2 Abomination 4 | . . 4 Anomaly 1 | . . 1 Best Kill Streak 5 | . . 5 Combat Bots Only 4 | . . 4 Max Kills in Single Turn 1 | . . 1 Gunslinging . | . . . Exploded 1 | . . 1 Melee . | . . . Uniques/NPCs Destroyed . | . . . Combat | -11 -10 -9 -------- Run | Scr Mat Mat Damage Taken 751 | . 164 587 Core 576 | . 152 424 Absorbed by Shields . | . . . Core Remaining (%) 69 | 100 39 . Volleys Fired 14 | . . 14 Largest 1 | . . 1 Hottest 30 | . . 30 Shots Fired 14 | . . 14 Gun . | . . . Cannon . | . . . Launcher 14 | . . 14 Special . | . . . Kinetic . | . . . Thermal . | . . . Explosive 14 | . . 14 Electromagnetic . | . . . Robot Hit Streak 7 | . . 7 Robot Miss Streak 1 | . . 1 Penetration Max . | . . . Secondary Targets . | . . . Shots Hit Robots 13 | . . 13 Core Hits 22 | . 3 19 Critical Hits . | . . . Critical Kills . | . . . Critical Parts Destroyed . | . . . Melee Attacks . | . . . Impact . | . . . Slashing . | . . . Piercing . | . . . Sneak Attacks . | . . . Combat Hostiles . | . . . Follow-up Attacks . | . . . Damage Inflicted 1190 | . 10 1180 Guns . | . . . Cannons . | . . . Explosions 1180 | . . 1180 Melee . | . . . Ramming 10 | . 10 . Kinetic . | . . . Thermal . | . . . Explosive 1180 | . . 1180 Electromagnetic . | . . . Impact . | . . . Slashing . | . . . Piercing . | . . . Highest Corruption 4 | . . 4 Average Corruption 1 | . . 1 Corruption Purged . | . . . Overload Shots . | . . . Overflow Damage 82 | . . 82 Projectiles . | . . . Explosions 82 | . . 82 Melee . | . . . Knockbacks 1 | . 1 . Impact 1 | . 1 . Kinetic . | . . . Secondary . | . . . Self-Inflicted Damage 41 | . 4 37 Shots 2 | . . 2 Rammed 4 | . 4 . Targets Rammed 4 | . 4 . Kicked . | . . . Crushed . | . . . Highest Temperature 2 | . . 2 Average Temperature 2 | . . 2 Received Heat Transfer 240 | . 87 153 Siege Activations . | . . . Robots Corrupted . | . . . Combat Hostiles . | . . . Parts Fried . | . . . Impact Corruptions . | . . . Robots Melted . | . . . Combat Hostiles . | . . . Parts Melted . | . . . Heat Transferred . | . . . Parts Sabotaged . | . . . Parts Stolen . | . . . Parts Stripped . | . . . Power Chain Reactions . | . . . Missiles Intercepted . | . . . Alert | -11 -10 -9 ------- Run | Scr Mat Mat Peak Influence 41 | . 41 36 Initial 16 | . . 16 Average 23 | . 21 26 Maximum Alert Level . | . . . Low Security (%) 100 | 100 100 100 Level 1 . | . . . Level 2 . | . . . Level 3 . | . . . Level 4 . | . . . Level 5 . | . . . High Security . | . . . Max Security . | . . . Squads Dispatched 5 | . 3 2 Investigation 2 | . 2 . Extermination . | . . . Reinforcement 3 | . 1 2 Assault . | . . . Garrison . | . . . Intercept . | . . . Construction Impeded . | . . . Haulers Reinforced . | . . . Stealth | -11 -10 -9 --------- Run | Scr Mat Mat Distress Signals 5 | . . 5 Communications Jammed . | . . . Distress Signals . | . . . Times Spotted 25 | . 12 13 Peak Tracking Total 12 | . 11 12 Tactical Retreats 1 | . . 1 Traps | -11 -10 -9 ------- Run | Scr Mat Mat Traps Triggered 1 | . 1 . Indirectly . | . . . Trap Hack Attempts . | . . . Triggered . | . . . Disarmed . | . . . Reprogrammed . | . . . Reused . | . . . Traps Extracted . | . . . Installed . | . . . Triggered . | . . . Machines | -11 -10 -9 ---------- Run | Scr Mat Mat Machines Disabled . | . . . Max in Single Turn . | . . . Machines Sabotaged . | . . . Garrisons Compromised . | . . . Overloaded Fab Kills . | . . . Fab Network Shutdowns . | . . . Hacking | -11 -10 -9 --------- Run | Scr Mat Mat Machines Accessed 4 | . 2 2 Terminals 4 | . 2 2 Fabricators . | . . . Repair Stations . | . . . Recycling Units . | . . . Scanalyzers . | . . . Garrison Access . | . . . Total Hacks 12 | . 5 7 Successful 10 | . 5 5 Failed 2 | . . 2 Catastrophic . | . . . Database Lockouts . | . . . Manual 9 | . 4 5 Terminals 12 | . 5 7 Fabricators . | . . . Repair Stations . | . . . Recycling Units . | . . . Scanalyzers . | . . . Garrison Access . | . . . Terminal Hacks 3 | . 2 1 Terminal Index 1 | . 1 . Dispatch Records 1 | . . 1 Zone Layout 1 | . 1 . Fabricator Hacks . | . . . Repair Station Hacks . | . . . Recycling Unit Hacks . | . . . Scanalyzer . | . . . Garrison Access Hacks . | . . . Unauthorized Hacks 7 | . 3 4 Terminals 7 | . 3 4 Track 3 | . 1 2 Botnet 4 | . 2 2 Fabricators . | . . . Repair Stations . | . . . Recycling Units . | . . . Scanalyzers . | . . . Garrison Access . | . . . Data Cores Recovered . | . . . Used . | . . . Hacking Detections 4 | . 2 2 Full Trace Events 2 | . 1 1 Feedback Events . | . . . Feedback Blocked . | . . . Robot Schematics Acquired . | . . . Robots Built . | . . . Matter . | . . . Time . | . . . Total Robot Build Rating . | . . . Part Schematics Acquired . | . . . Parts Built . | . . . Matter . | . . . Time . | . . . Total Part Build Rating . | . . . Parts Repaired . | . . . Time . | . . . Parts Recycled . | . . . Recycled Matter . | . . . Retrieved Matter . | . . . Retrieved Components . | . . . Parts Scanalyzed . | . . . Part Schematics Acquired . | . . . Parts Damaged . | . . . Bothacking | -11 -10 -9 ------------ Run | Scr Mat Mat Used RIF Installer . | . . . Robots Hacked . | . . . Non-combat . | . . . Combat . | . . . Robot Hacks Applied . | . . . Relay Couplers Released . | . . . Robots Rewired . | . . . Allies Hacked . | . . . Hacks Repelled . | . . . Allies | -11 -10 -9 -------- Run | Scr Mat Mat Total Allies . | . . . Largest Group . | . . . Highest-Rated Group . | . . . Highest-Rated Ally . | . . . Total Orders . | . . . Ally Attacks . | . . . Total Damage . | . . . Kills . | . . . Allies Corrupted . | . . . Allies Melted . | . . . Intel | -11 -10 -9 ------- Run | Scr Mat Mat Robot Analysis Total . | . . . Derelict Logs Recovered . | . . . Drone Launches . | . . . Drone Recoveries . | . . . Exploration | -11 -10 -9 ------------- Run | Scr Mat Mat Turns Passed 204 | 11 65 128 Spaces Moved 279 | 22 116 141 Core 279 | 22 116 141 Treads . | . . . Legs . | . . . Wheels . | . . . Hover . | . . . Flight . | . . . Fastest Speed 50 | 50 50 50 Average Speed 50 | 50 50 50 Slowest Speed 50 | 50 50 50 Overloaded Moves . | . . . Propulsion Burnouts . | . . . Robots Hopped . | . . . Cave-ins Triggered . | . . . Exploration Rate (%) 18 | 3 29 22 Regions Visited 2 Branch Regions . Pre-discovered Areas . | . . . Known Exits Taken 1 | . 1 . Unknown Exits Taken 1 | 1 . . Scrap Searched . | . . . Spaces Dug . | . . . Terrain Destroyed 44 | . . 44 Melee . | . . . Projectile . | . . . AOE 44 | . . 44 Terrain Rammed . | . . . Walls Destroyed . | . . . Machines Disabled . | . . . Actions | -11 -10 -9 --------- Run | Scr Mat Mat Total 324 | 21 122 181 Wait 19 | . 2 17 Move 278 | 21 116 141 Hop . | . . . Pick Up . | . . . Fast Attach 8 | . 1 7 Attach . | . . . Detach 1 | . . 1 Swap . | . . . Drop 1 | . . 1 Fire 14 | . . 14 Melee . | . . . Ram 3 | . 3 . Kick . | . . . Crush . | . . . Escape Stasis . | . . . Rewire . | . . . Trap . | . . . Miscellaneous . | . . . Route ------- -11/Scrapyard -10/Materials -9/Materials History --------- Turn | Location | Event 5 | -11/Scrapyard | Discovered new exit (range 16) 12 | -11/Scrapyard | Entered Materials 44 | -10/Materials | Discovered new exit (range 11) 58 | -10/Materials | Discovered new exit (range 13) 75 | -10/Materials | Identified exit to Materials 76 | -10/Materials | Core integrity fell below 50% 77 | -10/Materials | Entered another Materials area 77 | -9/Materials | Evolved 2 slots: Utility x2 110 | -9/Materials | Discovered new exit (range 15) 174 | -9/Materials | Core integrity fell below 50% 201 | -9/Materials | Core integrity fell below 20% 205 | -9/Materials | Core destroyed Last Messages --------------- 00181_ Lesser Abomination absorbs Med. Matter Pod. 00181_ Lesser Abomination destroyed. 00185_ Lesser Abomination absorbs Aluminum Leg. 00186_ Grenade Launcher destroyed. 00186_ Targeting Computer destroyed. 00188_ Connecting with Terminal... >>Trojan(Botnet) Trojan loaded successfully. Testing... Terminal linked with 0 systems. Awaiting botnet instructions. >>Trojan(Track) Trojan loaded successfully. Testing... Tracking enabled and active. 00203_ Lesser Abomination sheds Corrupting Anomaly. 00204_ Zapped by an electromagnetic arc from EM Anomaly. 00204_ Acquired 18 matter. 00205_ Unstable Anomaly suddenly flashes brightly. 00205_ Engulfed by violent ripples tearing at the fabric of space. Map ----- +----------------------------------------------------+ | ?????????????????????????????????????????????????? | | ?????????????????????????????????????????????????? | | ?????????????####????????????????????????????????? | | ????????????? ????????????????????????? ##???? | | ????????????? """??????????????????????# ???? | | ????????????? R???????????????????????+ #??? | | ??????????# ? ""???????????????????????# #??# | | ??????????# """ ???????????????????????# #??# | | ??????????# """ ???????????????????????# #??# | | ??????????# """ ???????????????????????# #??# | | ??????????? ???????????????????????# #??# | | ???????###### ####+##?????????????????# #??# | | ######## # #?????????????????# #??# | | # #?????????????????# #??# | | # ! = #?????????????????# #??# | | # [ % ###########????????# #??# | | # # #????????# #??# | | # # ! #????????# #### | | # " # !! A + #????????# | | # " # ! # "T" #??####### | | # " ## ###########??# | | ### #### % A""#??????????# #####+##### | | % A Y"#??????????# #?? ??# | | = % A ""#??#######?# + # | | % A ###### #?# # """ """ + | | ####[ % !@n ### # """ """ # | | # | n !%= """ """ # | | T" + %= n ### # | | ? ?# ###### #????# # | | ???# ##+##+#????#######????# # | | ???##+### # ? ????????????????#########? | | ????????# # n?"" ?????????????????????????? | | ????????# #= ?"" ?????????????????????????? | | ????????+ # ??"" ?????????????????????????? | | ??????? # ???? ?????????????????????????? | | ?????? ?###### % ?????? ?????????????????????????? | | ?????????????#% ??????#?????????????????????????? | | ????????????? % ?????????????????????????????????? | | ????????????? ?????????????????????????????????? | | ???????????? ?????????????????????????????????? | | ????????????"